[Event "DVM U10 2024"]
[Site "Duesseldorf"]
[Date "2024.12.28"]
[Round "6"]
[White "Najjar, Anton"]
[Black "Baskurt, Ayaz"]
[Result "1/2-1/2"]
[ECO "D20"]
[WhiteElo "933"]
[BlackElo "903"]
[Annotator "NA RC"]
[PlyCount "49"]
[EventDate "2024.12.23"]
[EventType "team-tourn"]
[EventRounds "7"]
[EventCountry "GER"]
[SourceTitle "playchess.com"]
[Source "ChessBase"]
[SourceQuality "1"]
[TimeControl "3300+5"]

1. e4 c6 2. d4 d5 3. exd5 cxd5 4. c4 dxc4 5. Bxc4 Bf5 6. Nc3 e6 7. Bf4 Bb4 8. Qa4+ Nc6 9. Bb5 Nge7 10. Nf3 O-O 11. O-O Nxd4 12. Qxb4 Nc2 13. Qc5 Nxa1 14. Bd6 Re8 15. Bxe8 Qxe8 16. Bxe7 Nc2 17. Bg5 b6 18. Qd6 f6 19. Bf4 Rd8 20. Qc7 Rd7 21. Qc4 Bd3 22. Qb3 Bxf1 23. Qxc2 Bd3 24. Qd1 Be4 25. Qe1 1/2-1/2

[Event "DVM U10 2024"]
[Site "Duesseldorf"]
[Date "2024.12.28"]
[Round "6"]
[White "Seitov, Adela"]
[Black "Aslanov, Kamran"]
[Result "1-0"]
[ECO "C53"]
[WhiteElo "911"]
[BlackElo "1451"]
[Annotator "NA RC"]
[PlyCount "63"]
[EventDate "2024.12.23"]
[EventType "team-tourn"]
[EventRounds "7"]
[EventCountry "GER"]
[SourceTitle "playchess.com"]
[Source "ChessBase"]
[SourceQuality "1"]
[TimeControl "3300+5"]

1. e4 e5 2. Nf3 Nc6 3. Bc4 Bc5 4. c3 d6 5. d4 exd4 6. cxd4 Bb6 7. Be3 Bg4 8. Nbd2 Nxd4 9. Bxd4 Bxd4 10. h3 Bxf3 11. Qxf3 Bf6 12. g4 Ne7 13. g5 Bxg5 14. Qxf7+ Kd7 15. Qe6+ Ke8 16. Qf7+ Kd7 17. Be6+ Kc6 18. Rc1+ Kb6 19. Nc4+ Ka6 20. Rc3 b6 21. Ra3+ Kb7 22. Na5+ Kb8 23. h4 Bf6 24. Qh5 Qe8 25. Qf3 Rf8 26. e5 c6 27. exd6 Bxb2 28. d7 Qd8 29. Nxc6+ Nxc6 30. Qxc6 Bxa3 31. Bd5 Qc7 32. Qxa8# 1-0

[Event "DVM U10 2024"]
[Site "Duesseldorf"]
[Date "2024.12.28"]
[Round "6"]
[White "Sengupta, Arjun"]
[Black "Widlitzek, Philipp"]
[Result "1-0"]
[ECO "B11"]
[WhiteElo "858"]
[BlackElo "860"]
[Annotator "NA RC"]
[PlyCount "117"]
[EventDate "2024.12.23"]
[EventType "team-tourn"]
[EventRounds "7"]
[EventCountry "GER"]
[SourceTitle "playchess.com"]
[Source "ChessBase"]
[SourceQuality "1"]
[TimeControl "3300+5"]

1. e4 c6 2. Nc3 d5 3. d3 dxe4 4. Nxe4 Nf6 5. Nxf6+ exf6 6. Be3 Bd6 7. Nf3 O-O 8. d4 Bf5 9. Bd3 Bxd3 10. cxd3 Qa5+ 11. Bd2 Re8+ 12. Kf1 Qb5 13. Rb1 Qxd3+ 14. Kg1 c5 15. Be3 Qxd1+ 16. Rxd1 Nc6 17. g3 cxd4 18. Bxd4 Nxd4 19. Nxd4 Rad8 20. Kg2 Bc5 21. Nb3 Bb6 22. Rxd8 Rxd8 23. Re1 g5 24. Re7 Rb8 25. Kh3 Kg7 26. f4 gxf4 27. gxf4 Bd8 28. Rd7 Kg6 29. Nd2 Bb6 30. Nc4 f5 31. Nxb6 axb6 32. Rd6+ f6 33. Rxb6 Ra8 34. Rxb7 Rxa2 35. b4 Ra3+ 36. Kg2 Rb3 37. b5 Kh5 38. Rxh7+ Kg4 39. Rb7 Kxf4 40. b6 Ke3 41. h4 Ke2 42. h5 f4 43. Re7+ Re3 44. Rxe3+ fxe3 45. b7 Kd2 46. b8=Q e2 47. Qd8+ Kc2 48. Kf2 f5 49. Kxe2 f4 50. h6 Kc3 51. Kf3 Kc4 52. Kxf4 Kc5 53. Qa5+ Kd6 54. Qa4 Ke6 55. Kg3 Kf6 56. Qd1 Kg6 57. Qg1 Kxh6 58. Kf4 Kh5 59. Qg5# 1-0

[Event "DVM U10 2024"]
[Site "Duesseldorf"]
[Date "2024.12.28"]
[Round "6"]
[White "Schubert, Anton"]
[Black "Pardo Lorz, Noah"]
[Result "1-0"]
[ECO "C58"]
[WhiteElo "824"]
[BlackElo "1067"]
[Annotator "NA RC"]
[PlyCount "125"]
[EventDate "2024.12.23"]
[EventType "team-tourn"]
[EventRounds "7"]
[EventCountry "GER"]
[SourceTitle "playchess.com"]
[Source "ChessBase"]
[SourceQuality "1"]
[TimeControl "3300+5"]

1. e4 e5 2. Nf3 Nc6 3. Bc4 Nf6 4. Ng5 d5 5. exd5 Na5 6. d3 Nxc4 7. dxc4 Ng4 8. Nc3 Nh6 9. O-O f6 10. Ne6 Bxe6 11. dxe6 Qxd1 12. Rxd1 Bd6 13. Nb5 O-O-O 14. Be3 e4 15. Nxa7+ Kb8 16. a4 Nf5 17. Nb5 Nxe3 18. fxe3 Rhe8 19. Nxd6 cxd6 20. Rd4 Rxe6 21. c5 d5 22. Rad1 g5 23. Rxd5 Rxd5 24. Rxd5 h5 25. b4 Ra6 26. b5 Rxa4 27. b6 Kc8 28. Rf5 Rc4 29. Rxf6 Rxc5 30. Rf8+ Kd7 31. Rh8 Rxc2 32. Rxh5 g4 33. Rg5 Rc1+ 34. Kf2 Rc2+ 35. Kg3 Re2 36. Rxg4 Rxe3+ 37. Kf4 Re1 38. h4 e3 39. Rg7+ Kc6 40. Re7 e2 41. Kf3 Rf1+ 42. Kxe2 Rb1 43. g4 Rb4 44. Kf3 Kxb6 45. h5 Rb3+ 46. Re3 Rxe3+ 47. Kxe3 Kc7 48. Kf4 b5 49. h6 b4 50. h7 Kb6 51. h8=Q Ka5 52. Qa1+ Kb5 53. Ke4 Kc4 54. Qc1+ Kb3 55. Kd4 Ka2 56. Qd2+ Ka3 57. Kc4 b3 58. Qb4+ Ka2 59. Qxb3+ Ka1 60. Qb8 Ka2 61. Kc3 Ka1 62. Kc2 Ka2 63. Qa8# 1-0

[Event "DVM U10 2024"]
[Site "Duesseldorf"]
[Date "2024.12.28"]
[Round "6"]
[White "Mätz, Mark"]
[Black "Wüstenberg, Felix"]
[Result "0-1"]
[ECO "C44"]
[WhiteElo "767"]
[BlackElo "975"]
[Annotator "NA RC"]
[PlyCount "110"]
[EventDate "2024.12.23"]
[EventType "team-tourn"]
[EventRounds "7"]
[EventCountry "GER"]
[SourceTitle "playchess.com"]
[Source "ChessBase"]
[SourceQuality "1"]
[TimeControl "3300+5"]

1. e4 e5 2. Nf3 Nc6 3. d4 Nf6 4. d5 Nd4 5. Nxd4 exd4 6. Qxd4 Be7 7. Nc3 O-O 8. Be3 d6 9. O-O-O Bd7 10. Bc4 c6 11. f4 c5 12. Qd3 a6 13. e5 Ng4 14. a3 Nxe3 15. Qxe3 dxe5 16. fxe5 b5 17. Be2 h6 18. d6 Bg5 19. Qxg5 Qxg5+ 20. Kb1 Qxe5 21. Bf3 Rab8 22. Be4 b4 23. Rhe1 Qxh2 24. axb4 cxb4 25. Na2 b3 26. cxb3 Rxb3 27. Bc2 Rbb8 28. Re7 Bb5 29. d7 Bxd7 30. Rexd7 Qg3 31. R7d2 Qa3 32. b3 a5 33. Rd4 a4 34. Rxa4 Qxa4 35. Kb2 Qa5 36. b4 Qe5+ 37. Kb1 Qe6 38. Bd3 Qg4 39. Rg1 Qe6 40. b5 Ra8 41. Nb4 Qb3+ 42. Kc1 Qxb4 43. Rf1 Rac8+ 44. Kd1 Rc7 45. Ke2 Re7+ 46. Kf3 Qb3 47. Kf2 Qxd3 48. b6 Re6 49. b7 Rf6+ 50. Kg1 Qe3+ 51. Kh2 Rxf1 52. g3 Rf2+ 53. Kh3 Qe6+ 54. g4 Qe3+ 55. Kh4 Rh2# 0-1

[Event "DVM U10 2024"]
[Site "Duesseldorf"]
[Date "2024.12.28"]
[Round "6"]
[White "Kresse, Andreas"]
[Black "Nordmann, Vigo"]
[Result "0-1"]
[ECO "C50"]
[WhiteElo "744"]
[BlackElo "831"]
[Annotator "NA RC"]
[PlyCount "40"]
[EventDate "2024.12.23"]
[EventType "team-tourn"]
[EventRounds "7"]
[EventCountry "GER"]
[SourceTitle "playchess.com"]
[Source "ChessBase"]
[SourceQuality "1"]
[TimeControl "3300+5"]

1. e4 e5 2. Nf3 Nc6 3. Bc4 Bc5 4. Nc3 Nf6 5. d3 d6 6. Bg5 Bg4 7. O-O Nd4 8. h3 Nxf3+ 9. gxf3 Bxh3 10. Re1 Qd7 11. f4 Bg4 12. Qd2 Bf3 13. Kh2 Qg4 14. Rg1 Qh5+ 15. Kg3 Qg4+ 16. Kh2 Qh5+ 17. Kg3 h6 18. Bxf6 gxf6 19. Rh1 Qg4+ 20. Kh2 Qg2# 0-1